Map: Lightshade LE

Players

Trap

  • Race: Protoss Protoss
  • League: Master
  • Spawn Location: 11:00

Serral - Winner!

  • Race: Zerg Zerg
  • Spawn Location: 5:00

VOD

Have the link to the VOD?

Description

Time

  • Played on: Jan. 17, 2021, 11:59 a.m.
  • Length: 9:07
Show
View Real Time Build Order
Export as new Build Order

Trap Protoss 

Build Orders: 1 Gate Expand, Oracle Opening, Zealot Archon, Archon Drop 

Get SALT Encoding   

  12  0:00  Probe  
  13  0:15  Pylon  
  13  0:18  Probe (Chrono Boost)  
  14  0:27  Probe (Chrono Boost)  
  15  0:32  Probe (Chrono Boost)  
  16  0:44  Gateway, Probe  
  17  0:51  Assimilator  
  17  0:56  Probe  
  18  1:08  Probe  
  19  1:20  Gateway, Probe  
  20  1:28  Nexus  
  20  1:38  Cybernetics Core  
  22  1:52  Pylon  
  22  1:55  Probe  
  23  2:06  Assimilator  
  23  2:10  Probe  
  23  2:11  Adept (Chrono Boost)  
  23  2:12  Warp Gate (Chrono Boost)  
  24  2:22  Probe  
  25  2:32  Adept (Chrono Boost)  
  25  2:34  Probe  
  28  2:41  Probe  
  29  2:45  Gateway  
  29  2:46  Probe  
  30  2:53  Probe  
  30  2:54  Stalker  
  32  2:59  Stargate  
  32  3:04  Shield Battery  
  32  3:08  Probe  
  32  3:11  Probe (Chrono Boost)  
  34  3:20  Probe (Chrono Boost)  
  36  3:28  Probe (Chrono Boost)  
  36  3:29  Probe (Chrono Boost)  
  36  3:33  Pylon  
  37  3:34  Probe x2 (Chrono Boost)  
  37  3:40  Oracle (Chrono Boost)  
  38  3:46  Probe x2  
  43  3:54  Assimilator x2  
  43  3:58  Probe x2  
  43  3:59  Adept x2  
  49  4:08  Robotics Facility  
  49  4:10  Pylon  
  49  4:12  Probe  
  49  4:13  Probe  
  51  4:21  Oracle (Chrono Boost)  
  49  4:25  Probe x2  
  49  4:30  Pylon  
  54  4:34  Twilight Council  
  54  4:37  Probe x2  
  56  4:49  Probe x2  
  52  5:01  Gateway  
  52  5:02  Gateway  
  52  5:05  Zealot x2  
  56  5:07  Warp Prism (Chrono Boost)  
  56  5:13  Charge (Chrono Boost)  
  56  5:14  Templar Archives  
  55  5:30  Gateway, Probe x2  
  55  5:31  Gateway  
  56  5:44  Probe x2  
  58  5:51  Gateway  
  58  5:52  Gateway  
  58  5:56  High Templar x4  
  66  6:01  Archon x2  
  66  6:04  Immortal (Chrono Boost)  
  66  6:07  Pylon  
  66  6:08  Pylon  
  70  6:14  Pylon  
  70  6:22  Pylon  
  70  6:26  Nexus  
  69  6:35  High Templar x2  
  69  6:36  Zealot x2  
  73  6:45  Zealot  
  73  6:46  Zealot x2  
  79  6:47  Archon  
  79  6:51  Zealot  
  81  7:01  Zealot x2  
  85  7:21  Zealot x4  
  85  7:22  Zealot x4  
  101  7:26  Pylon  
  99  7:40  Probe x2  
  99  7:43  Robotics Bay  
  89  7:49  High Templar  
  89  7:50  High Templar x3  
  89  7:54  Archon  
  89  7:55  Archon, Zealot x3  
  89  7:56  Zealot  
  85  8:12  Probe x3  
  82  8:16  Sentry x3  
  82  8:17  Zealot  
  82  8:18  Immortal (Chrono Boost)  
  86  8:27  Zealot x4  
  92  8:45  Nexus  
  92  8:55  Zealot x4  
  103  9:01  Zealot  
Show
View Real Time Build Order
Export as new Build Order

Serral Zerg - Winner!

Build Orders: Pool First 

Get SALT Encoding   

  12  0:00  Drone  
  13  0:12  Overlord  
  13  0:16  Drone  
  14  0:30  Drone x2  
  16  0:38  Drone  
  17  0:44  Spawning Pool  
  17  0:48  Drone  
  17  1:06  Extractor  
  17  1:10  Drone  
  17  1:13  Hatchery  
  17  1:18  Drone  
  17  1:25  Drone  
  17  1:30  Queen  
  20  1:35  Zergling x2  
  21  1:41  Overlord  
  21  1:49  Drone  
  22  2:01  Zergling x2  
  22  2:06  Queen  
  25  2:09  Metabolic Boost  
  25  2:10  Drone  
  26  2:21  Drone  
  27  2:25  Drone  
  27  2:26  Queen  
  30  2:34  Overlord  
  30  2:36  Drone  
  31  2:41  Drone x2  
  31  2:42  Drone  
  34  2:50  Drone x2  
  36  2:57  Overlord  
  35  3:08  Hatchery  
  35  3:09  Zergling x2  
  35  3:10  Zergling x2  
  36  3:13  Zergling x2  
  36  3:18  Zergling x2  
  36  3:19  Drone x2  
  40  3:24  Queen  
  42  3:29  Zergling x2  
  42  3:30  Drone x2  
  45  3:37  Overlord  
  45  3:38  Drone  
  45  3:39  Drone  
  45  3:41  Drone  
  48  3:45  Overlord  
  48  3:49  Spore Crawler, Drone  
  49  3:55  Drone x3  
  49  3:56  Drone  
  49  4:02  Roach Warren  
  51  4:07  Drone x2  
  52  4:20  Zergling x2  
  52  4:21  Zergling x6, Spore Crawler  
  52  4:24  Queen  
  52  4:25  Queen  
  56  4:33  Overlord  
  56  4:39  Spore Crawler  
  56  4:41  Drone x4  
  56  4:43  Drone  
  56  4:44  Drone x3  
  60  4:47  Drone  
  58  4:55  Overlord  
  58  4:56  Drone x3  
  61  5:04  Lair  
  61  5:05  Extractor, Drone x2  
  61  5:06  Drone  
  63  5:13  Drone x2  
  65  5:18  Extractor, Drone x2  
  65  5:24  Overlord  
  65  5:27  Drone x3, Evolution Chamber  
  67  5:32  Drone x3  
  67  5:33  Drone  
  67  5:34  Drone x2  
  73  5:37  Overlord  
  74  5:49  Extractor, Roach x4  
  81  5:54  Extractor, Zerg Missile Weapons Level 1  
  81  5:57  Drone x2  
  81  5:58  Roach x2  
  81  6:04  Overlord, Glial Reconstitution  
  84  6:05  Roach x3  
  90  6:13  Roach  
  90  6:14  Roach x2  
  96  6:19  Roach  
  96  6:21  Overlord x3  
  98  6:27  Roach x2  
  98  6:28  Spine Crawler  
  101  6:37  Roach x3  
  105  6:43  Roach x6  
  116  6:48  Overlord  
  114  6:57  Roach x5  
  122  7:02  Overlord x2  
  122  7:03  Overlord  
  122  7:06  Ravager  
  122  7:07  Ravager x2  
  125  7:12  Roach x4  
  133  7:23  Roach x5  
  133  7:28  Evolution Chamber  
  127  7:45  Roach x9  
  127  7:49  Roach x2  
  140  8:04  Drone x3  
  141  8:13  Roach x7  
  141  8:15  Overlord  
  141  8:17  Overlord  
  151  8:27  Extractor, Roach x2  
  151  8:28  Zergling x4  
  151  8:30  Overlord x2  
  154  8:36  Roach  
  154  8:37  Roach x3  
  155  8:46  Roach  
  155  8:47  Roach x3  
Tags
 
Add a new tag
Caveats
  • Supply blocks, unpowered buildings, or Contaminate may cause inaccurate times.
  • Supply counts are checked every 10 seconds.